[Event "Titled Tuesday Blitz May 4 2021"]
[White "Daulyte-Cornette, Deimante"]
[Black "Yeremyan, Alen"]
[WhiteFideId "12802859"]
[BlackFideId "13308998"]
[WhiteElo "2285"]
[BlackElo "2158"]
[Result "1-0"]
[Round "11"]
[TimeControl "180+1"]
[Date "2021.05.04"]
[WhiteClock "0:00:06"]
[BlackClock "0:00:39"]

1. e4 Nf6 2. e5 Nd5 3. d4 d6 4. c4 Nb6 5. exd6 cxd6 6. Nc3 g6 7. h3 Bg7 8. Nf3 O-O 9. Be2 Bf5 10. O-O d5 11. c5 Nc8 12. Qb3 Qd7 13. Qxd5 Rd8 14. Qxd7 Rxd7 15. Be3 Nc6 16. Rad1 Nb4 17. Ne5 Rd8 18. g4 Be6 19. a3 Nd5 20. Nxd5 Bxd5 21. f4 a6 22. Bf3 Na7 23. Bxd5 Rxd5 24. Nc4 Re8 25. Nb6 Rdd8 26. Rd2 e6 27. Nc4 Nb5 28. Rfd1 Bf8 29. a4 Nc7 30. Nb6 Nd5 31. Nxd5 exd5 32. Kf2 Re4 33. b4 Rde8 34. Rd3 Be7 35. Kf3 f5 36. g5 h6 37. h4 Kf7 38. Ra1 hxg5 39. hxg5 Rh8 40. Rg1 Rh3+ 41. Rg3 Rh1 42. b5 axb5 43. axb5 Rb1 44. b6 Kg7 45. Rh3 Rf1+ 46. Kg2 Re1 47. Ra3 Kf7 48. Kf2 Rb1 49. Ra7 Rb2+ 50. Kf3 Rb3 51. Ke2 Rb2+ 52. Kd3 Rb3+ 53. Kd2 Rb2+ 54. Kc3 Re2 55. Rxb7 Ke6 56. Rxe7+ Kxe7 57. b7 R4xe3+ 58. Rxe3+ Rxe3+ 59. Kb4 Re1 60. c6 Rb1+ 61. Kc5 Kd8 62. Kd6 Rb6 63. Kc5 Kc7 64. Kxd5 Rb5+ 65. Kc4 Rb1 66. d5 Rc1+ 67. Kd4 Rd1+ 68. Ke5 Rd2 69. d6+ Kb8 70. Ke6 Re2+ 71. Kd7 Rc2 72. c7+ Kxb7 73. Kd8 Rc6 74. Ke7 Kb6 75. Ke6 Kc5 76. c8=Q Rxc8 77. d7 Ra8 78. Ke7 Kd5 79. d8=Q+ Rxd8 80. Kxd8 Ke4 81. Ke7 Kxf4 82. Kf6 Ke3 83. Kxg6 f4 84. Kh7 f3 85. g6 f2 86. g7 f1=Q 87. g8=Q Qh3+ 88. Kg7 Qg4+ 89. Kf8 Qc4 90. Qxc4 1-0


[Site "https://www.chess.com"]

[Event "Titled Tuesday Blitz May 4 2021"]
[White "De Silva, L M S T"]
[Black "Pantzar, Milton"]
[WhiteFideId "9953698"]
[BlackFideId "1721003"]
[WhiteElo "1621"]
[BlackElo "2323"]
[Result "0-1"]
[Round "11"]
[TimeControl "180+1"]
[Date "2021.05.04"]
[WhiteClock "0:00:18"]
[BlackClock "0:01:10"]

1. Nf3 d5 2. b3 Nf6 3. Bb2 e6 4. e3 c5 5. g3 Nc6 6. Bg2 Be7 7. O-O O-O 8. Ne5 Nxe5 9. Bxe5 Nd7 10. Bb2 Bf6 11. Bxf6 Nxf6 12. Nc3 d4 13. Ne4 Nxe4 14. Bxe4 Qc7 15. exd4 cxd4 16. Re1 g6 17. Rc1 Rd8 18. c4 dxc3 19. Rxc3 Qa5 20. Qc2 Rb8 21. Rd1 Bd7 22. Rc7 Bc6 23. Rxc6 bxc6 24. d3 c5 25. Rc1 Rbc8 26. h4 h5 27. Bg2 Qb4 28. Bf1 Qd4 29. Qe2 Rd5 30. Rc4 Qa1 31. Kh2 Rcd8 32. a4 a5 33. Kg2 Re5 34. Re4 Rxe4 35. Qxe4 Qd4 36. Qc6 Qd5+ 37. Qxd5 exd5 38. Kf3 Kg7 39. Ke3 Kf6 40. Kd2 Ke5 41. Kc3 Rb8 42. f4+ Kd6 43. Bg2 Re8 44. Kd2 f5 45. Bf3 d4 46. Bd1 Re3 0-1


[Site "https://www.chess.com"]

[Event "Titled Tuesday Blitz May 4 2021"]
[White "Deac, Bogdan-Daniel"]
[Black "Indjic, Aleksandar"]
[WhiteFideId "1226380"]
[BlackFideId "911925"]
[WhiteElo "2605"]
[BlackElo "2591"]
[Result "1-0"]
[Round "11"]
[TimeControl "180+1"]
[Date "2021.05.04"]
[WhiteClock "0:00:18"]
[BlackClock "0:00:54"]

1. e4 c5 2. Nf3 e6 3. g3 Nc6 4. Bg2 Nf6 5. Qe2 Be7 6. e5 Nd5 7. O-O O-O 8. Rd1 d6 9. exd6 Qxd6 10. d4 cxd4 11. Nxd4 Nxd4 12. Rxd4 Qc5 13. Rc4 Qd6 14. Nc3 Nxc3 15. Rxc3 Bf6 16. Bf4 e5 17. Rd1 Qe6 18. Bd5 Qg4 19. f3 Qf5 20. Be3 h5 21. Rc7 a5 22. Bc5 Bd8 23. Rxf7 Rxf7 24. Bxf7+ Kxf7 25. Rxd8 b6 26. Rf8+ Kg6 27. Rxf5 1-0


[Site "https://www.chess.com"]

[Event "Titled Tuesday Blitz May 4 2021"]
[White "Degtiarev, Evgeny"]
[Black "Janaszak, Dawid"]
[WhiteFideId "4149610"]
[BlackFideId "1119206"]
[WhiteElo "2218"]
[BlackElo "2332"]
[Result "1/2-1/2"]
[Round "11"]
[TimeControl "180+1"]
[Date "2021.05.04"]
[WhiteClock "0:01:00"]
[BlackClock "0:01:42"]

1. d4 c6 2. c4 d5 3. Nc3 Nf6 4. Nf3 e6 5. e3 Nbd7 6. Bd3 Bd6 7. O-O O-O 8. b3 b6 9. Bb2 Bb7 10. Qe2 Re8 11. e4 dxe4 12. Nxe4 Nxe4 13. Qxe4 Nf6 14. Qh4 h6 15. Rad1 Nh7 16. Qe4 Nf6 17. Qh4 Nh7 18. Qe4 Nf6 19. Qh4 1/2-1/2


[Site "https://www.chess.com"]

[Event "Titled Tuesday Blitz May 4 2021"]
[White "Demin, Vladimir"]
[Black "Vlassov, Nikolai"]
[WhiteFideId "4167457"]
[BlackFideId "4103360"]
[WhiteElo "2495"]
[BlackElo "2407"]
[Result "0-1"]
[Round "11"]
[TimeControl "180+1"]
[Date "2021.05.04"]
[WhiteClock "0:00:55"]
[BlackClock "0:00:38"]

1. e4 c5 2. Nf3 d6 3. d4 cxd4 4. Qxd4 Nc6 5. Bb5 a6 6. Bxc6+ bxc6 7. c4 e5 8. Qd3 Ne7 9. Nc3 Ng6 10. c5 dxc5 11. Qxd8+ Kxd8 12. Na4 Rb8 13. Be3 Kc7 14. Nd2 Be6 15. b3 c4 16. Nxc4 Bxc4 17. bxc4 Bb4+ 18. Ke2 Nf4+ 19. Bxf4 exf4 20. Rhd1 Rhd8 21. Rxd8 Rxd8 22. Rd1 Rxd1 23. Kxd1 Kd6 24. Ke2 Ke5 25. Kd3 f3 26. g3 g5 27. h3 h5 28. g4 hxg4 29. hxg4 Kf4 30. Kd4 Be1 31. Kc5 Bxf2+ 32. Kxc6 Bd4 33. Kd5 f2 34. Kxd4 f1=Q 35. Nc3 Qf2+ 36. Kd3 Qe3+ 37. Kc2 Kxg4 38. a4 Kf3 0-1


[Site "https://www.chess.com"]

[Event "Titled Tuesday Blitz May 4 2021"]
[White "Eggleston, Thomas A"]
[Black "Kubatko, Ivan"]
[WhiteFideId "412139"]
[BlackFideId "24111473"]
[WhiteElo "2174"]
[BlackElo "2285"]
[Result "0-1"]
[Round "11"]
[TimeControl "180+1"]
[Date "2021.05.04"]
[WhiteClock "0:00:01"]
[BlackClock "0:00:03"]

1. e4 d5 2. exd5 Qxd5 3. Nc3 Qa5 4. d4 Nf6 5. Bc4 Nc6 6. Nf3 Bg4 7. Bd2 O-O-O 8. Nd5 Qa4 9. Bb3 Qa6 10. Nxf6 gxf6 11. c3 e5 12. h3 Bh5 13. d5 Ne7 14. g4 Bg6 15. c4 c6 16. Qe2 cxd5 17. cxd5 Bd3 18. Rc1+ Kb8 19. Qe3 Nxd5 20. Bxd5 Rxd5 21. Nh4 Be7 22. a3 Rhd8 23. Bc3 Bc5 24. Qf3 Qc4 25. Bd2 Qe4+ 26. Be3 Bxe3 27. fxe3 Qxf3 28. Nxf3 Be4 29. Ke2 a6 30. Rhe1 Bd3+ 31. Kf2 Be4 32. Kg3 Rd3 33. Nh4 Rd2 34. Rf1 R8d6 35. Rfe1 Rxb2 36. Rf1 Rb3 0-1


[Site "https://www.chess.com"]

[Event "Titled Tuesday Blitz May 4 2021"]
[White "Elissalt Cardenas, Hector"]
[Black "Jian, Alex"]
[WhiteFideId "3500632"]
[BlackFideId "30901022"]
[WhiteElo "2223"]
[BlackElo "2084"]
[Result "0-1"]
[Round "11"]
[TimeControl "180+1"]
[Date "2021.05.04"]
[WhiteClock "0:00:45"]
[BlackClock "0:02:04"]

1. d4 Nf6 2. c4 e6 3. Nc3 d5 4. cxd5 Nxd5 5. e4 Nxc3 6. bxc3 c5 7. Nf3 cxd4 8. cxd4 Bb4+ 9. Bd2 Bxd2+ 10. Qxd2 O-O 11. Bc4 Nc6 12. O-O b6 13. a4 Bb7 14. Rfb1 Rc8 15. Bd3 Nxd4 16. Ne5 Qd6 17. Nc4 Rxc4 0-1


[Site "https://www.chess.com"]

[Event "Titled Tuesday Blitz May 4 2021"]
[White "Erdogdu, Mert"]
[Black "Zemach, Roee"]
[WhiteFideId "6301495"]
[BlackFideId "2818531"]
[WhiteElo "2485"]
[BlackElo "2131"]
[Result "0-1"]
[Round "11"]
[TimeControl "180+1"]
[Date "2021.05.04"]
[WhiteClock "0:00:12"]
[BlackClock "0:00:27"]

1. e4 e5 2. Nf3 Nc6 3. Bc4 Bc5 4. c3 Nf6 5. d3 O-O 6. O-O d5 7. exd5 Nxd5 8. a4 a6 9. Re1 Bg4 10. Nbd2 Re8 11. Ne4 Bb6 12. Bg5 Qd7 13. h3 Bh5 14. Ng3 Bg6 15. Nh4 Nf4 16. Nxg6 hxg6 17. d4 Ne6 18. Bxe6 fxe6 19. dxe5 Qf7 20. Be3 Bxe3 21. Rxe3 Rad8 22. Qe2 Ne7 23. Ne4 Nf5 24. Rf3 Qd7 25. a5 Qd5 26. Ng5 Qd2 27. Re1 Qxe2 28. Rxe2 Rd1+ 29. Kh2 Re7 30. g4 Nh6 31. Rf4 Nf7 32. Nxf7 Rxf7 33. Rxf7 Kxf7 34. Kg3 Rd5 35. b4 Rd3+ 36. Re3 Rxe3+ 37. fxe3 g5 38. h4 Ke7 39. hxg5 g6 40. Kf3 Kd7 41. Ke4 Kc6 42. Kd3 Kd5 43. c4+ Kxe5 44. e4 Kf4 45. b5 e5 46. c5 c6 47. b6 Kxg4 0-1


[Site "https://www.chess.com"]

[Event "Titled Tuesday Blitz May 4 2021"]
[White "Escobar Forero, Alder"]
[Black "Avila Pavas, Santiago"]
[WhiteFideId "4400801"]
[BlackFideId "4437128"]
[WhiteElo "2513"]
[BlackElo "2244"]
[Result "1-0"]
[Round "11"]
[TimeControl "180+1"]
[Date "2021.05.04"]
[WhiteClock "0:00:07"]
[BlackClock "0:00:02"]

1. d4 Nf6 2. Nc3 d5 3. Bg5 Nbd7 4. g3 g6 5. Bg2 c6 6. e4 dxe4 7. Nxe4 Bg7 8. Nxf6+ Nxf6 9. Nf3 O-O 10. O-O Bg4 11. c3 h6 12. Bd2 Nd5 13. Re1 e6 14. h3 Bxf3 15. Qxf3 Qb6 16. Rab1 Rfd8 17. h4 c5 18. c4 Nf6 19. dxc5 Qxc5 20. Be3 Qxc4 21. Qxb7 Rab8 22. Qxa7 Ng4 23. Bb6 Rxb6 24. Qxb6 Rd2 25. Re4 Bd4 26. Qb8+ Kg7 27. Rxd4 Qxd4 28. Qf4 Qxf4 29. gxf4 Nxf2 30. a4 Nd3 31. a5 Nxf4 32. Bb7 Rd4 33. b4 Rd2 34. Ra1 e5 35. a6 f5 36. a7 e4 37. a8=Q Ne2+ 38. Kf2 Nd4+ 39. Ke3 Rd3+ 40. Kf4 1-0


[Site "https://www.chess.com"]

[Event "Titled Tuesday Blitz May 4 2021"]
[White "Estrada Nieto, Julian"]
[Black "Bach, Matthias"]
[WhiteFideId "5101018"]
[BlackFideId "4603168"]
[WhiteElo "2270"]
[BlackElo "2213"]
[Result "0-1"]
[Round "11"]
[TimeControl "180+1"]
[Date "2021.05.04"]
[WhiteClock "0:00:01"]
[BlackClock "0:00:15"]

1. d4 Nf6 2. Nf3 c5 3. d5 e6 4. c4 exd5 5. cxd5 d6 6. Nc3 g6 7. e4 Bg7 8. Bb5+ Bd7 9. Bxd7+ Nbxd7 10. O-O O-O 11. Bf4 Qe7 12. Re1 a6 13. a4 Ng4 14. Qd2 Rfe8 15. h3 Nge5 16. Nxe5 Nxe5 17. a5 Nc4 18. Qe2 Qf6 19. Bg3 Nxb2 20. e5 Rxe5 21. Bxe5 Qxe5 22. Qxb2 Qxc3 23. Qxb7 Rf8 24. Qxa6 Bd4 25. Qe2 Qb3 26. Rab1 Qxd5 27. a6 Ra8 28. Qb5 Qf5 29. Re8+ Kg7 30. Rf1 Rxe8 31. Qxe8 c4 32. Qb8 Qc5 33. Qb7 c3 34. Qe4 c2 35. Rc1 Bxf2+ 36. Kh1 Qb5 37. Qxc2 Bd4 38. Rd1 Be5 39. Qd3 Qb6 40. Qc4 h5 41. Qd3 h4 42. Rb1 Qf2 43. Qf1 Qc5 44. Rb7 Qc6 45. Rb1 d5 46. Rd1 d4 47. Rd3 Qxa6 48. Rf3 Qxf1+ 49. Rxf1 f6 50. Kg1 g5 51. Rf3 Kg6 52. Rb3 f5 53. Kf1 f4 54. Ke2 Kf5 55. Kf3 Bf6 56. Rb5+ Be5 57. Rd5 Ke6 58. Ke4 Bf6 59. Rb5 Bg7 60. Rb6+ Kf7 61. Kf5 d3 62. Rb7+ Kf8 63. Ke6 Bd4 64. Rd7 Be3 65. Rxd3 Kg7 66. Rd7+ Kg6 67. Rd6 g4 68. Rd5 f3 69. gxf3 gxh3 0-1


[Site "https://www.chess.com"]

[Event "Titled Tuesday Blitz May 4 2021"]
[White "Eynullayev, Atilla"]
[Black "Bartel, Michal"]
[WhiteFideId "13413570"]
[BlackFideId "1119257"]
[WhiteElo "1997"]
[BlackElo "2271"]
[Result "0-1"]
[Round "11"]
[TimeControl "180+1"]
[Date "2021.05.04"]
[WhiteClock "0:00:05"]
[BlackClock "0:02:18"]

1. e4 e5 2. Nf3 Nc6 3. Bb5 g6 4. d4 exd4 5. c3 dxc3 6. Nxc3 Bg7 7. Bg5 Nge7 8. Nd5 h6 9. Bf6 Bxf6 10. Nxf6+ Kf8 11. O-O d6 12. Re1 Kg7 13. Nd5 Be6 14. Nxe7 Qxe7 15. Bxc6 bxc6 16. Qd4+ Qf6 17. e5 dxe5 18. Nxe5 Bd5 19. Rac1 Rhe8 20. b3 Re6 21. Nf3 Bxf3 22. Qxf6+ Kxf6 23. Rxe6+ Kxe6 24. gxf3 Kd6 25. Rd1+ Ke7 26. Re1+ Kd7 27. Rd1+ Kc8 28. Re1 Kb7 29. Re7 Rf8 30. Kf1 Kb6 31. Ke2 a5 32. Ke3 f5 33. f4 Rf6 34. a4 Rd6 35. Ke2 Rd4 36. Re6 g5 37. Rxh6 Rxf4 38. Rh5 g4 39. h3 gxh3 40. Rxh3 Kc5 41. Rc3+ Kd5 42. f3 c5 43. Re3 c4 44. bxc4+ Rxc4 45. Re7 c6 46. Rf7 Ke6 47. Rc7 Kd6 48. Rf7 f4 49. Rf6+ Kc5 50. Rf5+ Kb6 51. Kd3 Rxa4 52. Kc2 Rb4 53. Rf8 a4 54. Rb8+ Kc5 55. Ra8 Kd4 56. Re8 Kd5 57. Rd8+ Kc5 58. Ra8 Rb3 59. Rxa4 Rxf3 60. Kd2 Kd5 61. Ke2 Re3+ 62. Kd2 Re4 63. Ra8 c5 64. Rd8+ Kc4 65. Rf8 Rd4+ 66. Kc2 Kd5 67. Rf5+ Kd6 68. Kc3 Ra4 69. Rf6+ Ke5 70. Rf8 f3 71. Kd2 Rf4 72. Re8+ Kd5 73. Rd8+ Kc4 74. Ke1 f2+ 75. Kf1 Kc3 0-1


[Site "https://www.chess.com"]

[Event "Titled Tuesday Blitz May 4 2021"]
[White "Fajdetic, Hrvoje"]
[Black "Schut, Lisa"]
[WhiteFideId "14501945"]
[BlackFideId "1019481"]
[WhiteElo "2153"]
[BlackElo "2234"]
[Result "1/2-1/2"]
[Round "11"]
[TimeControl "180+1"]
[Date "2021.05.04"]
[WhiteClock "0:00:16"]
[BlackClock "0:00:19"]

1. d4 Nf6 2. Bf4 g6 3. Nc3 d5 4. e3 c5 5. h4 h5 6. Nf3 Qb6 7. Nb5 Na6 8. dxc5 Qxc5 9. c3 Bd7 10. a4 Bg7 11. Ne5 O-O 12. Be2 Bxb5 13. axb5 Nc7 14. Qb3 Ne6 15. Bh2 Qc8 16. O-O Nc5 17. Qa3 Nfe4 18. Rad1 e6 19. f3 Nf6 20. b4 Ncd7 21. Nxd7 Nxd7 22. Rc1 Ne5 23. Rfd1 Qd8 24. c4 Qxh4 25. cxd5 exd5 26. Rxd5 Rfe8 27. e4 Rad8 28. Rcc5 Qe1+ 29. Bf1 Rxd5 30. Rxd5 Nc4 31. Qd3 Ne3 32. Bg3 Qc1 33. Bf4 Qxf1+ 34. Qxf1 Nxf1 35. Kxf1 Rc8 36. Rc5 Rd8 37. Rd5 Rxd5 38. exd5 Kf8 39. Bb8 a6 40. bxa6 bxa6 41. Ke2 Ke7 42. Ba7 Bc3 43. Bc5+ Kd7 44. Kd3 Be1 45. Kc4 g5 46. b5 axb5+ 47. Kxb5 f5 48. Kc4 Bg3 49. Kd3 Bf4 50. Ke2 Kc7 51. Kf2 Kd7 52. g3 Bd6 53. Bd4 Be7 54. Be5 Bd6 55. Bd4 Bc7 56. Bc5 Bb8 57. Kg2 Be5 58. g4 fxg4 59. fxg4 h4 60. Kh3 Bf6 61. Bb4 Be7 62. Bd2 Kd6 63. Bb4+ Kd7 64. Bd2 Bf6 65. Bb4 Kc7 66. Kg2 Kb6 67. Kf3 Kb5 68. Bf8 Kc4 69. Ke4 Bd8 70. Bd6 h3 71. Bh2 Be7 72. d6 Bd8 73. Kf5 Kd5 74. d7 Kc6 75. Ke6 Kb7 76. Kf7 Bc7 77. Ke8 Bxh2 78. d8=Q Bc7 79. Qd7 h2 80. Qd5+ Kb6 81. Qh1 Bf4 82. Kf7 Kc5 83. Ke6 Kd4 84. Kf5 Ke3 85. Qg2 Kd4 86. Kg6 Ke5 87. Kh6 Ke6 88. Kh5 Ke5 89. Kh6 Ke6 90. Kh7 Kd6 91. Kh6 Ke5 92. Kh7 Kf6 93. Kh6 Be5 94. Kh7 Bf4 95. Kh6 Ke5 96. Kh7 Kf6 1/2-1/2


[Site "https://www.chess.com"]

[Event "Titled Tuesday Blitz May 4 2021"]
[White "Fanha, Paulo"]
[Black "Lejean-Anusca, Madalina-Maria"]
[WhiteFideId "1902148"]
[BlackFideId "1215396"]
[WhiteElo "1851"]
[BlackElo "2002"]
[Result "0-1"]
[Round "11"]
[TimeControl "180+1"]
[Date "2021.05.04"]
[WhiteClock "0:00:01"]
[BlackClock "0:00:21"]

1. e4 c5 2. b3 Nf6 3. e5 Nd5 4. Nf3 d6 5. Bb5+ Bd7 6. Bxd7+ Nxd7 7. exd6 exd6 8. O-O Be7 9. Bb2 O-O 10. c4 Nc7 11. d4 Bf6 12. Qc2 Ne6 13. d5 Nc7 14. a4 Ne8 15. Re1 Bxb2 16. Qxb2 Qf6 17. Qxf6 Nexf6 18. Nc3 a6 19. Ng5 h6 20. Nge4 Nxe4 21. Nxe4 Ne5 22. Nxd6 Nd3 23. Re3 Nb4 24. Rc1 b6 25. Nf5 Rae8 26. Rce1 Rxe3 27. Rxe3 b5 28. axb5 axb5 29. Ne7+ Kh7 30. cxb5 Rb8 31. d6 Rxb5 32. d7 Ra5 33. g3 Ra8 34. Nc8 Nc6 35. Rc3 Nd8 36. Rxc5 Ra1+ 37. Kg2 Rd1 38. Rc7 Rd3 39. Ne7 Ne6 40. Rc8 Rxd7 41. Nc6 Rb7 42. Rb8 Rc7 43. Ne5 f6 44. Nd3 Rc3 45. Nf4 Nd4 46. b4 Rb3 47. Rb7 Nc6 48. Nd5 Nd4 49. Nxf6+ Kg6 50. Nd5 Nc6 51. b5 Nd4 52. Nf4+ Kg5 0-1


[Site "https://www.chess.com"]

[Event "Titled Tuesday Blitz May 4 2021"]
[White "Gabrielian, Artur"]
[Black "Tang, Andrew"]
[WhiteFideId "4131002"]
[BlackFideId "2059630"]
[WhiteElo "2539"]
[BlackElo "2584"]
[Result "0-1"]
[Round "11"]
[TimeControl "180+1"]
[Date "2021.05.04"]
[WhiteClock "0:00:06"]
[BlackClock "0:00:06"]

1. e4 e5 2. Nf3 Nc6 3. Bb5 g6 4. c3 a6 5. Ba4 Bg7 6. O-O b5 7. Bb3 Na5 8. d4 exd4 9. cxd4 Ne7 10. Bf4 d6 11. Qd2 Nxb3 12. axb3 h6 13. Nc3 Bd7 14. Rfe1 g5 15. Bg3 O-O 16. h4 g4 17. Nh2 f5 18. e5 d5 19. Bf4 Kh7 20. Nf1 Be6 21. Ne2 Rg8 22. b4 Bf8 23. g3 Nc6 24. Rec1 Nxb4 25. Ne3 c6 26. Rc5 a5 27. Rac1 Qd7 28. b3 Bxc5 29. dxc5 d4 30. Nxd4 Rad8 31. Rd1 Rg7 32. Qc1 Qf7 33. Bxh6 Rgg8 34. Bg5 Rd7 35. Nxe6 Rxd1+ 36. Qxd1 Qxe6 37. Qb1 Nd5 38. Nxf5 Qg6 39. e6 Rf8 40. e7 Nxe7 41. Bxe7 Qxf5 42. Qe1 Re8 43. Qe3 a4 44. bxa4 bxa4 45. h5 a3 46. h6 a2 0-1


[Site "https://www.chess.com"]

[Event "Titled Tuesday Blitz May 4 2021"]
[White "Garcia, Gabriel Gonzaga"]
[Black "Li, Hui"]
[WhiteFideId "2138956"]
[BlackFideId "15400310"]
[WhiteElo "2240"]
[BlackElo "1954"]
[Result "1-0"]
[Round "11"]
[TimeControl "180+1"]
[Date "2021.05.04"]
[WhiteClock "0:00:19"]
[BlackClock "0:00:02"]

1. e4 e5 2. Nf3 Nf6 3. d4 exd4 4. e5 Ne4 5. Qxd4 d5 6. exd6 Nxd6 7. Bg5 f6 8. Bf4 Nc6 9. Qe3+ Qe7 10. Nc3 Qxe3+ 11. Bxe3 Nf5 12. Bf4 Bd6 13. Bxd6 Nxd6 14. Nd5 Kd8 15. O-O-O Be6 16. Nf4 Bf7 17. Bb5 Kc8 18. Bxc6 bxc6 19. Rhe1 Kb7 20. Ne6 Bxe6 21. Rxe6 Rhe8 22. Nd4 Rxe6 23. Nxe6 Re8 24. Nxg7 Rg8 25. Nh5 Rxg2 26. Rf1 Rxh2 27. Nxf6 h5 28. f4 h4 29. f5 h3 30. Nh5 Rg2 31. Nf4 Rg3 32. Rh1 Nxf5 33. Nxh3 Nd6 34. Nf4 Rg4 35. Ne6 1-0


[Site "https://www.chess.com"]

[Event "Titled Tuesday Blitz May 4 2021"]
[White "Gelman, Alexander"]
[Black "Pichot, Alan"]
[WhiteFideId "4118316"]
[BlackFideId "110973"]
[WhiteElo "2375"]
[BlackElo "2622"]
[Result "0-1"]
[Round "11"]
[TimeControl "180+1"]
[Date "2021.05.04"]
[WhiteClock "0:00:08"]
[BlackClock "0:01:13"]

1. d4 Nf6 2. Nc3 d5 3. Bf4 Bf5 4. f3 c6 5. g4 Bg6 6. h4 h6 7. e3 e6 8. Qd2 Bd6 9. Nge2 Qe7 10. O-O-O Nbd7 11. Bxd6 Qxd6 12. Nf4 Nf8 13. Rg1 O-O-O 14. h5 Bh7 15. g5 Ne8 16. e4 hxg5 17. Rxg5 Qe7 18. Rg1 dxe4 19. Nxe4 e5 20. Bh3+ Kb8 21. Ne2 Ne6 22. Bxe6 Qxe6 23. Qa5 Rd5 24. Nc5 Qe7 25. Qb4 Ka8 26. c4 Rd8 27. dxe5 b6 28. Rxd8+ Qxd8 29. Na6 Qd3 30. Qd2 Qb1# 0-1


[Site "https://www.chess.com"]

[Event "Titled Tuesday Blitz May 4 2021"]
[White "Golsta, Madara"]
[Black "Bugayev, Vladimir"]
[WhiteFideId "11607386"]
[BlackFideId "30901480"]
[WhiteElo "1880"]
[BlackElo "2323"]
[Result "1-0"]
[Round "11"]
[TimeControl "180+1"]
[Date "2021.05.04"]
[WhiteClock "0:00:18"]
[BlackClock "0:00:02"]

1. e4 c6 2. d4 d5 3. e5 Bf5 4. Nc3 e6 5. g4 Bg6 6. Nf3 h5 7. g5 Ne7 8. Nh4 Bf5 9. Bd3 Bxd3 10. Qxd3 g6 11. Bd2 Nd7 12. O-O-O Qb6 13. Kb1 c5 14. dxc5 Nxc5 15. Qd4 Nc6 16. Qf4 a6 17. Be3 Qc7 18. Bxc5 Bxc5 19. Rhe1 Bb4 20. Qf6 Rf8 21. Nxd5 exd5 22. e6 Bxe1 23. Rxe1 Ne7 24. exf7+ Kd8 25. Nxg6 Rxf7 26. Qxf7 Nxg6 27. Re8# 1-0


[Site "https://www.chess.com"]

[Event "Titled Tuesday Blitz May 4 2021"]
[White "Golubev, Mikhail"]
[Black "Region_07"]
[WhiteFideId "14100983"]
[WhiteElo "2374"]
[BlackElo "2411"]
[Result "0-1"]
[Round "11"]
[TimeControl "180+1"]
[Date "2021.05.04"]
[WhiteClock "0:00:07"]
[BlackClock "0:00:09"]

1. e4 Nc6 2. Nf3 d6 3. Nc3 g6 4. d4 Bg7 5. Be2 Bg4 6. Be3 Nf6 7. O-O O-O 8. d5 Bxf3 9. Bxf3 Ne5 10. Be2 c5 11. f4 Ned7 12. Kh1 a6 13. a4 Qb6 14. Ra3 Qa5 15. Bc4 Qb4 16. Qd3 Nb6 17. Rb3 Qxc4 18. Rxb6 Qxd3 19. cxd3 Rab8 20. Rc1 Nd7 21. Rb3 Bxc3 22. bxc3 b5 23. axb5 axb5 24. Ra1 Rb7 25. h3 Rfb8 26. Rab1 f5 27. exf5 gxf5 28. Kg1 Nf6 29. c4 Kf7 30. Kf2 Ke8 31. Ke2 Kd7 32. d4 Kc7 33. dxc5 bxc4 34. cxd6+ exd6 35. Rxb7+ Rxb7 36. Rc1 Rb2+ 37. Kf3 Rb4 38. g4 Nxd5 39. gxf5 Kd7 40. Ke4 Nf6+ 41. Kd4 d5 42. Ke5 Ke7 43. Bc5+ Kf7 44. Bxb4 Nd7+ 45. Kd6 Nb6 46. Ra1 Na4 47. Rxa4 d4 48. Ra7+ Kf6 49. Rc7 c3 50. Rc4 c2 51. Rxd4 c1=Q 52. Ba3 Qg1 53. Bc1 Qxd4+ 0-1


[Site "https://www.chess.com"]

[Event "Titled Tuesday Blitz May 4 2021"]
[White "Gombocz, Ferenc Jr."]
[Black "Seul, Georg"]
[WhiteFideId "775029"]
[BlackFideId "4601653"]
[WhiteElo "1913"]
[BlackElo "2332"]
[Result "1-0"]
[Round "11"]
[TimeControl "180+1"]
[Date "2021.05.04"]
[WhiteClock "0:00:02"]
[BlackClock "0:00:01"]

1. c4 e5 2. g3 Nf6 3. Bg2 Nc6 4. Nc3 Bc5 5. e3 d6 6. Nge2 a6 7. d4 Ba7 8. O-O O-O 9. h3 h6 10. Kh2 Re8 11. f4 exd4 12. exd4 Bf5 13. a3 Ne4 14. d5 Nxc3 15. Nxc3 Nd4 16. b4 Nc2 17. Ra2 Ne3 18. Bxe3 Rxe3 19. Ne2 Qf6 20. g4 Bxg4 21. c5 Bxe2 22. Rxe2 Rae8 23. Rxe3 Rxe3 24. Qc2 Qe7 25. Rc1 Re2 26. Qc4 Qe3 27. cxd6 Rxg2+ 28. Kxg2 Qf2+ 29. Kh1 Qf3+ 30. Kh2 Bf2 31. Qf1 Qxf4+ 32. Kh1 cxd6 33. Rc8+ Kh7 34. Qg2 g6 35. Rc7 h5 36. Rc2 Bg3 37. Qe2 h4 38. Rc4 Qf5 39. Qg2 Qb1+ 40. Qg1 Qd3 41. Rg4 Qxd5+ 42. Qg2 Qe5 43. Qc2 f5 44. Rxh4+ 1-0


[Site "https://www.chess.com"]

[Event "Titled Tuesday Blitz May 4 2021"]
[White "Gretarsson, Helgi Ass"]
[Black "DieHardCuban"]
[WhiteFideId "2300699"]
[WhiteElo "2519"]
[BlackElo "2403"]
[Result "1-0"]
[Round "11"]
[TimeControl "180+1"]
[Date "2021.05.04"]
[WhiteClock "0:00:47"]
[BlackClock "0:00:13"]

1. g3 c5 2. Bg2 g6 3. c4 Bg7 4. Nc3 Nc6 5. e3 d6 6. Nge2 Bf5 7. d4 Qd7 8. h3 cxd4 9. Nxd4 Nxd4 10. exd4 Qe6+ 11. Be3 Qxc4 12. Bxb7 Rb8 13. Bd5 Qa6 14. g4 Bd7 15. Bb3 Nf6 16. g5 Nh5 17. Nd5 O-O 18. Nxe7+ Kh8 19. Qe2 Bb5 20. Qf3 Rbe8 21. Nd5 Qa5+ 22. Kd1 Ba4 23. Bd2 Rb8 24. Bxa5 1-0


[Site "https://www.chess.com"]

[Event "Titled Tuesday Blitz May 4 2021"]
[White "Grigoryan, Meri"]
[Black "Zhurbinsky, David"]
[WhiteFideId "13300571"]
[BlackFideId "2072904"]
[WhiteElo "2007"]
[BlackElo "2435"]
[Result "1/2-1/2"]
[Round "11"]
[TimeControl "180+1"]
[Date "2021.05.04"]
[WhiteClock "0:00:30"]
[BlackClock "0:00:11"]

1. d4 e5 2. dxe5 Nc6 3. Nf3 Qe7 4. Nc3 Nxe5 5. Nxe5 Qxe5 6. Qd5 Bd6 7. Qxe5+ Bxe5 8. Bd2 Nf6 9. O-O-O c6 10. f3 d5 11. e4 dxe4 12. Nxe4 Nxe4 13. fxe4 Bg4 14. Re1 O-O-O 15. Be2 Be6 16. a3 Bxb2+ 17. Kxb2 Rxd2 18. Rhf1 Rhd8 19. g4 R8d4 20. Kc3 Rd8 21. h4 Kc7 22. h5 b5 23. e5 Kb6 24. g5 R2d4 25. Bd3 g6 26. hxg6 hxg6 27. Rf6 Rg4 28. Bxg6 Rg3+ 29. Kb2 Rd7 30. Bxf7 Bxf7 31. e6 Bxe6 32. Rexe6 Rxg5 33. Rxc6+ Kb7 34. Rc3 Rgd5 35. Rfc6 a5 36. R6c5 Rxc5 37. Rxc5 Kb6 38. Rc3 Rd4 39. Kb3 Rd1 40. Kb2 Rh1 41. Rc8 Rh6 42. Rc3 b4 43. axb4 axb4 44. Rc8 Kb5 45. Rb8+ Kc5 46. Rc8+ Kd4 47. Rd8+ Ke3 48. Kb3 Rb6 49. Rc8 Kd2 50. Rd8+ Kc1 51. Rc8 Kd2 52. Rc4 Rb8 53. Rd4+ Kc1 54. Rxb4 Rxb4+ 55. Kxb4 Kxc2 1/2-1/2


[Site "https://www.chess.com"]

[Event "Titled Tuesday Blitz May 4 2021"]
[White "Grineva, Marianna"]
[Black "Shahinyan, David"]
[WhiteFideId "14102013"]
[BlackFideId "13304380"]
[WhiteElo "1925"]
[BlackElo "2372"]
[Result "1-0"]
[Round "11"]
[TimeControl "180+1"]
[Date "2021.05.04"]
[WhiteClock "0:01:09"]
[BlackClock "0:00:04"]

1. e4 e6 2. d4 d5 3. Nd2 c5 4. Ngf3 cxd4 5. exd5 Qxd5 6. Bc4 Qd6 7. O-O Nf6 8. Nb3 Nc6 9. Nbxd4 Nxd4 10. Nxd4 a6 11. c3 Be7 12. Qe2 O-O 13. Rd1 Qc7 14. Bd3 b6 15. Qf3 Bb7 16. Qh3 h6 17. Re1 Rfd8 18. Re3 Bf8 19. Rg3 Kh8 20. Bg5 e5 21. Bxf6 gxf6 22. Qf5 exd4 23. Qh7# 1-0


[Site "https://www.chess.com"]

[Event "Titled Tuesday Blitz May 4 2021"]
[White "Guimaraes, Diogo Duarte"]
[Black "Zhou, Qiyu"]
[WhiteFideId "2112450"]
[BlackFideId "505161"]
[WhiteElo "2263"]
[BlackElo "1925"]
[Result "1-0"]
[Round "11"]
[TimeControl "180+1"]
[Date "2021.05.04"]
[WhiteClock "0:01:39"]
[BlackClock "0:01:04"]

1. e4 e5 2. Nf3 Nc6 3. Bc4 Bc5 4. c3 Nf6 5. d3 a6 6. O-O Ba7 7. a4 O-O 8. Bg5 h6 9. Bh4 d6 10. Re1 Bg4 11. h3 Bh5 12. g4 Bg6 13. Bg3 Nh7 14. Nh4 Kh8 15. Kg2 Ne7 16. Nd2 c6 17. Bb3 Bb8 18. a5 Bc7 19. Nc4 f6 20. Bc2 d5 21. Nb6 Bxb6 22. axb6 Qxb6 23. b4 d4 24. Qd2 dxc3 25. Qxc3 Rad8 26. Qc5 Qc7 27. Rf1 Ng5 28. Qxe7 Qxe7 29. Nxg6+ 1-0


[Site "https://www.chess.com"]